 Dungeon Crawl Stone Soup version 0.16.2-12-gd0ad4c3 (webtiles) character file.

192371 magipi the Severer (level 18, -2/148 (149) HPs)
             Began as a Ghoul Gladiator on Mar 12, 2016.
             Was the Champion of Makhleb.
             Killed from afar by a merfolk aquamancer (18 damage)
             ... with a shard of ice
             ... on level 4 of the Shoals on Mar 13, 2016.
             The game lasted 03:48:28 (26193 turns).

magipi the Severer (Ghoul Gladiator)               Turns: 26193, Time: 03:48:28

HP:   -2/148 (149)  AC: 29    Str: 21    XL:     18   Next: 23%
MP:   34/34         EV: 11    Int: 11    God:    Makhleb [******]
Gold: 933           SH:  0    Dex: 13    Spells: 2 memorised, 15 levels left

rFire  . . .     SeeInvis +     a - +5 battleaxe (flame)
rCold  + . .     Clarity  .     A - +6 plate armour of Modesty {MR++}
rNeg   + + +     SustAb   .     (no shield)
rPois  ∞         Gourm    .     V - +1 helmet "Mamedwene" {Int+4}
rElec  .         Spirit   .     u - +0 cloak "Skiq" {Dex+2}
rCorr  .         Warding  .     U - +1 pair of gloves
rMut   .         Stasis   .     e - +1 pair of boots
MR     +++..                    r - amulet of regeneration
Stlth  ..........               S - +3 ring of evasion
                                i - ring of see invisible

@: rotting, extremely resistant to hostile enchantments, extremely unstealthy
A: rotting body, claws 1, carnivore 3, cold resistance 1, negative energy
resistance 3, poison resistance, slow healing 1, torment resistance, unbreathing
a: Minor Destruction, Lesser Servant of Makhleb, Major Destruction, Greater
Servant of Makhleb, Renounce Religion
}: 1/15 runes: serpentine


You were on level 4 of the Shoals.
You worshipped Makhleb.
Makhleb was exalted by your worship.
You were not hungry.

You visited 6 branches of the dungeon, and saw 38 of its levels.
You visited 1 bazaar.
You also visited: Labyrinth, Sewer and Ice Cave.

You collected 3610 gold pieces.
You spent 2677 gold pieces at shops.

Inventory:

Hand weapons
 a - a +5 battleaxe of flaming (weapon)
 b - a +0 blowgun
 G - the +8 Wrath of Trog {antimagic, *Rage}
   (You acquired it on level 4 of the Snake Pit)

   It disrupts the flow of magical energy around spellcasters and certain
   magical creatures (including the wielder).
   It may make you go berserk in combat.
Missiles
 q - 62 poisoned needles
 L - 15 javelins
 M - 5 throwing nets (quivered)
Armour
 e - a +1 pair of boots (worn)
 u - the +0 cloak "Skiq" (worn) {Dex+2}
   (You found it on level 2 of the Lair of Beasts)

   It affects your dexterity (+2).
 A - the +6 plate armour of Modesty (worn) {MR++}
   (You bought it in a shop on level 3 of the Orcish Mines)

   It affects your resistance to hostile enchantments.
 U - a +1 pair of gloves (worn)
 V - the +1 helmet "Mamedwene" (worn) {Int+4}
   (You found it on level 1 of the Snake Pit)

   It affects your intelligence (+4).
Jewellery
 c - an uncursed ring of protection from cold
 d - an uncursed amulet of resist corrosion
 i - a ring of see invisible (left hand)
 r - an amulet of regeneration (around neck)
 t - an uncursed ring of teleportation
 B - an uncursed ring of wizardry
 C - an uncursed ring of flight
 H - the amulet of the Four Winds {Clar rN+ MR+++}
   (You bought it in a shop in a bazaar)

   [amulet of clarity]

   It provides mental clarity.
   It protects you from negative energy.
   It affects your resistance to hostile enchantments.
 S - a +3 ring of evasion (right hand)
Magical devices
 k - a wand of fire (4)
 p - a wand of polymorph (2)
 y - a wand of cold (3)
 D - a wand of cold (5)
 E - a wand of heal wounds (1)
 F - a wand of digging (1)
 P - a wand of teleportation (3)
 Y - a wand of confusion (26)
 Z - a wand of disintegration (11)
Scrolls
 h - 12 scrolls of remove curse
 m - 4 scrolls of fog
 w - 3 scrolls of identify
 z - 3 scrolls of teleportation
 I - a scroll of enchant armour
 Q - a scroll of recharging
 T - 2 scrolls of silence
Potions
 f - 5 potions of agility
 g - 2 potions of haste
 j - 11 potions of curing
 s - 5 potions of might
 v - a potion of resistance
 x - 3 potions of restore abilities
 K - 2 potions of cancellation
 R - 5 potions of heal wounds
Books
 n - a book of Enchantments

   Spells                             Type                      Level
   a - Tukima's Dance                 Hexes                        3
   b - Cause Fear                     Hexes                        4
   c - Silence                        Hexes/Air                    5
   d - Deflect Missiles               Charms/Air                   6
   e - Haste                          Charms                       6
   f - Discord                        Hexes                        8
 X - a book of Battle

   Spells                             Type                      Level
   a - Infusion                       Charms                       1
   b - Shroud of Golubria             Charms/Translocation         2
   c - Song of Slaying                Charms                       2
   d - Spectral Weapon                Hexes/Charms                 3
   e - Regeneration                   Charms/Necromancy            3
Miscellaneous
 l - a phantom mirror
 O - a phial of floods
Comestibles
 o - 10 meat rations
 J - 4 chunks of flesh


   Skills:
 + Level 10.4 Fighting
 + Level 17.7 Axes
 - Level 8.0 Throwing
 + Level 10.3 Armour
 - Level 2.6 Dodging
 - Level 10.0 Invocations
 - Level 17.0 Evocations


You had 15 spell levels left.
You knew the following spells:

 Your Spells              Type           Power        Failure   Level  Hunger
a - Apportation           Tloc           #.........   100%        1    ##.....
b - Animate Skeleton      Necr           N/A          100%        1    ##.....


Dungeon Overview and Level Annotations

Branches:
Dungeon (15/15)            Temple (1/1) D:5            Lair (8/8) D:8
 Shoals (5/5) Lair:3        Snake (5/5) Lair:6        Slime (0/6) Lair:7
    Orc (4/4) D:11            Elf (0/3) Orc:3        Vaults (0/5) D:14
 Depths: D:15

Altars:
Ashenzari
Cheibriados
Dithmenos
Elyvilon
Fedhas
Gozag
Kikubaaqudgha
Makhleb
Nemelex Xobeh
Okawaru
Qazlal
Ru
Sif Muna
Trog
Vehumet
Xom
Yredelemnul
Zin
The Shining One
Beogh
Jiyva

Shops:
D:6 !   D:7 *   D:13 ?   Orc:3 [   Orc:4 (?*[   Snake:1 =

Annotations:
D:3 SlimeFever's ghost, average HOGl
D:6 Dowan; Duvessa
D:8 Psyche
D:10 Erolcha
D:12 exclusion: obsidian statue
Lair:1 exclusion: oklob plant, Nergalle
Snake:1 kroki's ghost, mighty MiAs
Orc:4 ZiggyStardust's ghost, powerful SpNe


Innate Abilities, Weirdness & Mutations

Your body is rotting away.
You thrive on raw meat.
You have sharp fingernails.
You are carnivorous and can eat meat at any time.
Your flesh is cold resistant.
You are immune to negative energy.
Your system is resistant to poisons.
You heal slowly when monsters are visible.
You are immune to unholy pain and torment.
You can survive without breathing.

Vault maps used:
D:1:      dpeg_arrival_tiny_i
D:3:      first_bread
D:4:      old_standard_altar, lemuel_doored_altar, lightli_sewer_entry_pipes,
          corexii_checkpoint_a, grunt_ministairs_9
D:5:      grunt_dithmenos_smoke, minmay_temple_entry_purple_smoke
D:6:      kennysheep_little_box, serial_shops, nicolae_shop_waterfront,
          dk_vineyard_3, sword_in_stone, uniq_crazy_yiuf_cottage, uniq_duvessa
D:7:      nemelex_deck, serial_shops, shop, uniq_edmund
D:8:      overflow_temple_1_default, overflow_temple_1_default,
          erik_lair_island, uniq_psyche
D:9:      kennysheep_steamy
D:10:     uniq_eustachio, uniq_joseph, uniq_harold, uniq_urug, uniq_erolcha
D:11:     zombieorc2_lemuel, grunt_tengu_nest, grunt_ministairs_11
D:12:     minmay_protected_statue
D:13:     giant_chief_lemuel, serial_shops, shop_scrolls,
          portal_ice_cave_entry_imps
D:14:     erik_vaults_1, hangedman_decor_points, serial_curves, eino_curves_02,
          eino_curves_01, serial_shops, shop, david_defended_altar_orc
D:15:     grunt_enter_depths_snipers, grunt_decor_fettered, uniq_sonja
Temple:   minmay_crystal_spiral_temple_12
Lair:1:   dpeg_stationary_puzzle, grunt_megastairs_1, serial_bayou_shore_a,
          uniq_nergalle
Lair:2:   basic_altar, infiniplex_staircase_pool
Lair:3:   minmay_shoals_entry_hut
Lair:4:   lemuel_altar_in_water2
Lair:5:   lemuel_fruit_fields
Lair:6:   guppyfry_snake_entry_island, st_stairs_6, uniq_maud
Lair:7:   slime_altar_1, serial_bayou_shore_b
Lair:8:   evilmike_catoblepas_cave, lab_entry_generic, grunt_megastairs_2,
          lemuel_fruit_tree
Shoals:1: uniq_nessos, uniq_donald
Shoals:2: serial_shops, bzr_entry_customers
Shoals:5: serial_shops, shop, shoals_end_simple, shoal_ilsuiw
Snake:1:  serial_shops, nicolae_shop_window_shopping
Snake:2:  spider_trap, st_stairs_9, serial_bayou_crossing
Snake:4:  grunt_megastairs_3
Snake:5:  grunt_snake_rune_pools, spider_trap, nicolae_snake_springs, uniq_aizul
Orc:1:    mines1_david
Orc:2:    nicolae_orc_lava_room
Orc:3:    serial_shops, shop, nicolae_orc_pool_cavern
Orc:4:    st_orc_rangers
Lab:      labyrinth_hidden_loot, nicolae_lab_grate_2
Bazaar:   bazaar_jpeg_cross
Sewer:    sewer_co_tree
IceCv:    ice_cave_statue_garden_02


Message History

The merfolk impaler barely misses you.
The merfolk impaler hits you from afar with a trident of holy wrath.
You convulse.
The snapping turtle barely misses you.
The merfolk impaler hits you but does no damage.
You barely miss the merfolk impaler.
The merfolk impaler is almost dead.
Something closely misses your green death.
Your green death hits the snapping turtle.
The merfolk impaler hits you but does no damage.
The merfolk impaler hits you with a trident.
You barely miss the merfolk impaler.
The merfolk impaler is almost dead.
The snapping turtle bites you but does no damage.
The merfolk impaler hits you from afar with a trident of holy wrath!
You convulse!
The merfolk impaler closely misses you. Something hits your green death!
Your green death dies!
You completely miss the merfolk impaler.
The merfolk impaler is almost dead.
The merfolk impaler hits you from afar with a trident of holy wrath!
* * * LOW HITPOINT WARNING * * *
You convulse!
* * * LOW HITPOINT WARNING * * *
The merfolk impaler closely misses you. The snapping turtle barely misses you.
Read which item? (? for menu, Esc to quit)
Okay, then.
Unknown command.
Unknown command.
Read which item? (? for menu, Esc to quit)
Okay, then.
Unknown command.
Unknown command.
Evoke which item? (* to show all) (? for menu, Esc to quit)
Okay, then.
Unknown command.
Drink which item? (? for menu, Esc to quit)
You feel much better.
The merfolk impaler hits you but does no damage.
The snapping turtle barely misses you.
The merfolk impaler hits you with a trident!
* * * LOW HITPOINT WARNING * * *
Read which item? (? for menu, Esc to quit)
As you read the scroll of teleportation, it crumbles to dust.
You feel strangely unstable.
The merfolk impaler hits you but does no damage.
The snapping turtle bites you but does no damage.
Unknown command.
The merfolk impaler misses you. The merfolk impaler barely misses you.
The merfolk impaler misses you.
Your surroundings suddenly seem different.
Unknown command.
You enter the shallow water.
Moving in this stuff is going to be slow.
Drink which item? (? for menu, Esc to quit)
You feel much better.
The snapping turtle hisses angrily.
The merfolk impaler shouts!
The merfolk aquamancer shouts!
A water elemental comes into view.
The merfolk aquamancer casts a spell.
The merfolk aquamancer blinks!
Read which item? (? for menu, Esc to quit)
As you read the scroll of teleportation, it crumbles to dust.
You feel strangely unstable.
The merfolk impaler completely misses you.
The merfolk impaler barely misses you.
You enter the shallow water.
Moving in this stuff is going to be slow.
The water elemental hits you.
The water elemental engulfs you in water!
The merfolk impaler barely misses you.
The merfolk impaler hits you but does no damage.
With effort, you pull free of the water engulfing you.
The water engulfing you falls away.
Your surroundings seem slightly different.
The merfolk impaler shouts!
Unknown command.
You feel your flesh rotting away. The merfolk impaler closely misses you.
The merfolk impaler hits you from afar with a trident of holy wrath.
You convulse.
The merfolk impaler hits you from afar with a trident of holy wrath.
You convulse!
The merfolk impaler barely misses you.
There is a stone staircase leading up here.
The merfolk impaler hits you from afar with a trident of holy wrath!
* * * LOW HITPOINT WARNING * * *
You convulse!
* * * LOW HITPOINT WARNING * * *
You climb upwards.
The merfolk aquamancer gestures at you while chanting.
The great wave of water hits you!
* * * LOW HITPOINT WARNING * * *
You are knocked back by the great wave of water.
Splash!
You fall into the shallow water.
Moving in this stuff is going to be slow.
The wave splashes down.
You hear a shout!
You hear an angry hiss.
The merfolk aquamancer casts a spell at you.
The shard of ice hits you! You partially resist.
You die...

≈≈≈≈.####..####.≈≈≈≈...≈≈.
≈≈≈≈≈)P...## #.≈≈≈.≈≈≈m≈≈
≈≈≈≈PPP.≈≈≈≈≈≈≈≈≈≈
≈≈≈≈P.P##
#...≈≈≈..≈≈≈≈≈≈≈≈≈
≈≈≈≈P.##
#..≈≈E@...≈≈≈≈≈≈≈≈≈
≈≈≈≈.##
#.≈≈....##.≈≈.≈≈≈≈≈ ≈≈≈≈.#
#.≈≈.##...m.....≈≈. ≈≈≈≈.#
#..>####........≈≈. ≈≈≈≈.#
#..## ##..≈≈≈≈≈≈≈≈≈ ≈≈≈≈.#
##.# #..≈≈≈≈≈≈≈≈≈ ≈≈≈..#
### #..≈≈≈≈≈≈≈≈≈ ≈≈≈..##
#######..P≈P≈≈≈≈≈ ≈≈≈≈..#
##..## ##.P≈≈≈≈≈≈≈


You could see a merfolk aquamancer and a water elemental.

Table legend:
 A = Kills in this place as a percentage of kills in entire the game.
 B = Kills by you in this place as a percentage of kills by you in the entire game.
 C = Kills by friends in this place as a percentage of kills by friends in the entire game.
 D = Other kills in this place as a percentage of other kills in the entire game.
 E = Experience gained in this place as a percentage of experience gained in the entire game.
 F = Experience gained in this place divided by the number of levels of this place that you have seen.
                   A       B       C       D       E      F
               +-------+-------+-------+-------+-------+----------------------
         Total | 100.0 | 100.0 | 100.0 | 100.0 | 100.0 | 6212.6
       Dungeon |  36.9 |  35.5 |  96.7 |   0.0 |  18.8 | 3278.5
          Lair |  22.2 |  22.8 |   0.0 |   0.0 |  27.0 | 8815.6
        Shoals |   5.5 |   5.6 |   3.3 |   0.0 |  13.3 | 6966.2
     Snake Pit |  15.4 |  15.8 |   0.0 |  50.0 |  36.2 | 18903.6
  Orcish Mines |  17.0 |  17.4 |   0.0 |  50.0 |   3.3 | 2140.0
     Labyrinth |   0.1 |   0.1 |   0.0 |   0.0 |   0.4 | 1058.0
         Sewer |   2.3 |   2.3 |   0.0 |   0.0 |   0.2 | 498.0
      Ice Cave |   0.6 |   0.6 |   0.0 |   0.0 |   0.7 | 1761.0
               +-------+-------+-------+-------+-------+----------------------

Vanquished Creatures
  8 greater nagas
  Donald (Shoals:1)
  Aizul (Snake:5)
  2 merfolk impalers (Shoals:3)
  A minotaur (Lab)
  The ghost of kroki the Spear-Bearer, a powerful DrBe of Trog (IceCv)
  3 catoblepae (Lair:8)
  Harold (D:10)
  7 anacondas
  5 hydras
  Nessos (Shoals:1)
  12 naga warriors
  2 centaur warriors (D:13)
  An alligator snapping turtle (Shoals:3)
  2 merfolk aquamancers (Shoals:5)
  20 death yaks
  2 dancing weapons (D:14)
  A shock serpent (Snake:1)
  10 naga sharpshooters
  An orc high priest (Orc:2)
  3 salamander mystics
  2 unseen horrors
  A deep troll (Snake:4)
  17 sea snakes
  12 hill giants
  A wolf spider (Snake:5)
  A wolf spider zombie (D:13)
  An orc knight (Orc:4)
  2 naga ritualists
  19 harpies
  9 mana vipers
  5 griffons
  5 cyclopes
  A stone giant zombie (D:13)
  7 manticores
  3 ugly things
  2 water nymphs (Shoals:5)
  4 salamanders
  12 naga magi
  A moth of wrath (Snake:4)
  27 black mambas
  An octopode (shapeshifter) (D:13)
  3 sirens
  5 guardian serpents (Snake:5)
  20 elephants
  A rust devil (Orc:2)
  9 spiny frogs
  7 komodo dragons
  A redback zombie (D:14)
  2 two-headed ogres
  A tengu conjurer (D:11)
  A polar bear (Lair:6)
  5 fire drakes
  29 blink frogs
  10 merfolk
  4 trolls
  4 snapping turtles
  4 ravens
  13 slime creatures
  A trapdoor spider zombie (D:14)
  3 wyverns
  3 shadows
  2 basilisks
  4 hill giant zombies
  A trapdoor spider (D:13)
  2 fire elementals (Lair:2)
  9 hippogriffs
  A deep elf mage (D:9)
  3 vampire mosquitoes (D:13)
  Eustachio (D:10)
  46 yaks
  3 water elementals
  2 steam dragons
  A mottled dragon (D:15)
  Edmund (D:7)
  2 hungry ghosts
  21 water moccasins
  A soldier ant (D:13)
  2 wargs (D:13)
  57 nagas
  13 wolves
  9 ice beasts
  4 porcupines
  4 sky beasts
  A necrophage (D:12)
  30 orc warriors
  3 phantoms
  A wasp (D:10)
  A boring beetle (Lair:6)
  14 centaurs
  10 crocodiles
  15 ogres
  4 big kobolds (Sewer)
  3 gnoll sergeants
  2 brain worms
  14 giant frogs
  2 scorpions
  A troll zombie (D:11)
  16 killer bees
  8 wights
  10 electric eels
  2 goliath beetles
  7 crimson imps
  2 centaur zombies
  15 hounds
  4 centaur skeletons
  26 orc wizards
  9 iguanas
  18 orc priests
  2 giant frog skeletons (D:6)
  7 jellies
  11 worker ants
  26 sheep
  4 ogre zombies
  A hound skeleton (D:7)
  4 gnolls
  A worker ant zombie (D:6)
  25 adders
  20 river rats
  2 shadow imps
  11 white imps (D:13)
  5 worms
  7 giant geckos
  5 oozes
  154 orcs
  A bat zombie (D:5)
  10 giant cockroaches
  17 hobgoblins
  16 quokkas
  9 ball pythons
  14 bats
  2 giant newts
  A giant spore (D:13)
  19 goblins
  2 goblin zombies (D:11)
  A hobgoblin skeleton (D:11)
  6 hobgoblin zombies (D:11)
  20 jackals
  24 kobolds
  3 orc skeletons (D:11)
  13 orc zombies (D:11)
  A quokka skeleton (D:6)
  17 rats
  3 ballistomycetes (D:13)
  6 fungi
  4 plants
1225 creatures vanquished.

Vanquished Creatures (collateral kills)
  A stone giant (D:13)
  A merfolk aquamancer (Shoals:5)
  A titan zombie (D:13)
  Urug (D:10)
  2 hill giants (D:13)
  A stone giant zombie (D:13)
  A manticore (D:11)
  A cyclops (D:13)
  A queen bee (D:11)
  A raven (D:11)
  A wolf (D:13)
  A wasp (D:13)
  17 killer bees (D:11)
  A fungus (D:9)
31 creatures vanquished.

Vanquished Creatures (others)
  A balrug (D:13)
  A cacodemon (D:11)
  2 green deaths
  A fire vortex (Lair:2)
  A ynoxinul (D:10)
  A naga (Snake:5)
  A crimson imp (D:10)
  A white imp (D:10)
  An orc (Orc:2)
  A bush (Lair:8)
  27 fungi
  13 plants
51 creatures vanquished.

Grand Total: 1307 creatures vanquished

Notes
Turn   | Place    | Note
--------------------------------------------------------------
     0 | D:1      | magipi, the Ghoul Gladiator, began the quest for the Orb.
     0 | D:1      | Reached XP level 1. HP: 17/17 MP: 1/1
    66 | D:1      | Reached skill level 3 in Axes
   203 | D:1      | Reached XP level 2. HP: 19/22 MP: 2/2
   574 | D:1      | Reached XP level 3. HP: 29/29 MP: 3/3
   799 | D:2      | Reached skill level 4 in Axes
   917 | D:2      | Reached XP level 4. HP: 31/36 MP: 3/3
  1468 | D:3      | Reached skill level 5 in Axes
  1483 | D:3      | Reached XP level 5. HP: 41/41 MP: 4/4
  1487 | D:3      | Noticed SlimeFever's ghost (average HOGl)
  1779 | D:4      | Found a shimmering altar of Xom.
  1863 | D:4      | Found a blossoming altar of Fedhas.
  1916 | D:4      | Reached XP level 6. HP: 31/48 MP: 5/5
  1946 | D:4      | Reached skill level 6 in Axes
  2022 | D:4      | Found a glowing drain.
  2027 | Sewer    | Entered a sewer
  2412 | Sewer    | Reached XP level 7. HP: 49/55 MP: 5/5
  2459 | Sewer    | Reached skill level 7 in Axes
  2827 | D:4      | Reached skill level 8 in Axes
  2842 | D:5      | Entered Level 5 of the Dungeon
  2963 | D:5      | Found a shadowy altar of Dithmenos.
  3009 | D:5      | Noticed a yak
  3094 | D:5      | Found a staircase to the Ecumenical Temple.
  3112 | Temple   | Entered the Ecumenical Temple
  3185 | Temple   | Became a worshipper of Makhleb the Destroyer
  3300 | D:5      | Reached XP level 8. HP: 56/59 MP: 6/6
  3597 | D:6      | Reached skill level 9 in Axes
  3657 | D:6      | Found a basalt altar of Yredelemnul.
  3727 | D:6      | Noticed Duvessa
  3812 | D:6      | Noticed Dowan
  4020 | D:6      | Acquired Makhleb's first power
  4123 | D:6      | Reached skill level 1 in Armour
  4199 | D:6      | Found Inguabre's Distillery.
  4219 | D:6      | Reached skill level 10 in Axes
  4304 | D:6      | Reached XP level 9. HP: 56/69 MP: 7/7
  4470 | D:7      | Noticed Edmund
  4539 | D:7      | Killed Edmund
  4599 | D:6      | Reached skill level 5 in Fighting
  4705 | D:7      | Acquired Makhleb's second power
  5037 | D:7      | Found a sparkling altar of Nemelex Xobeh.
  5055 | D:7      | Reached skill level 5 in Armour
  5137 | D:7      | Reached XP level 10. HP: 72/86 MP: 7/7
  5263 | D:7      | Found Sterrearen's Assorted Antiques.
  5278 | D:7      | Bought a scroll of identify for 54 gold pieces
  5278 | D:7      | Bought a scroll of identify for 54 gold pieces
  5278 | D:7      | Bought a fuming red potion for 24 gold pieces
  5278 | D:7      | Bought a scroll labeled WUTUUM JYUDO for 27 gold pieces
  5353 | D:8      | Noticed Psyche
  5431 | D:8      | Reached skill level 1 in Invocations
  5640 | D:8      | Killed an unseen horror
  5736 | D:8      | Found a snail-covered altar of Cheibriados.
  5834 | D:8      | Found a bloodstained altar of Trog.
  5847 | D:8      | Acquired Makhleb's third power
  6192 | D:8      | Reached skill level 5 in Invocations
  6277 | D:8      | Acquired Makhleb's fourth power
  7016 | D:10     | Entered Level 10 of the Dungeon
  7018 | D:10     | Noticed Urug
  7275 | D:10     | Reached XP level 11. HP: 85/92 MP: 19/19
  7331 | D:10     | Noticed Erolcha
  7492 | D:10     | Noticed Harold
  7516 | D:10     | Killed Harold
  7836 | D:10     | Killed Urug
  7836 | D:10     | Reached skill level 1 in Evocations
  8112 | D:11     | Found a staircase to the Orcish Mines.
  8178 | D:11     | Acquired Makhleb's fifth power
  8297 | D:10     | Got a vibrating turquoise ring
  8299 | D:10     | Identified the ring of the Lobster {MR+ Str+7} (You found it on level 10 of the Dungeon)
  8363 | D:10     | Noticed Eustachio
  8374 | D:10     | Killed Eustachio
  8974 | D:11     | Reached skill level 5 in Evocations
  9256 | D:12     | Noticed an obsidian statue
  9263 | D:12     | Lost intelligence.
  9824 | D:8      | Found a staircase to the Lair.
  9838 | Lair:1   | Entered Level 1 of the Lair of Beasts
  9981 | Lair:1   | Reached XP level 12. HP: 100/100 MP: 24/24
 10003 | Lair:1   | Reached skill level 10 in Invocations
 10224 | Lair:1   | Noticed Nergalle
 10287 | Lair:2   | Got a shimmering cloak
 10288 | Lair:2   | Identified the +0 cloak "Skiq" {Dex+2} (You found it on level 2 of the Lair of Beasts)
 10545 | Lair:2   | Found a bloodstained altar of Trog.
 10910 | Lair:3   | Noticed a death yak
 11010 | Lair:3   | Reached skill level 11 in Axes
 11276 | Lair:3   | Noticed a death yak
 11278 | Lair:3   | Noticed a death yak
 11403 | Lair:3   | Noticed a five-headed hydra
 11414 | Lair:3   | Killed a five-headed hydra
 11420 | Lair:3   | Reached XP level 13. HP: 106/106 MP: 25/25
 11598 | Lair:3   | Found a staircase to the Shoals.
 11683 | Lair:4   | Reached skill level 12 in Axes
 11687 | Lair:4   | Found a white marble altar of Elyvilon.
 11834 | Lair:4   | Reached skill level 10 in Evocations
 12810 | Lair:6   | Found a staircase to the Snake Pit.
 12943 | Lair:7   | Found a viscous altar of Jiyva.
 12944 | Lair:7   | Found a staircase to the Slime Pits.
 13294 | Lair:7   | Reached skill level 13 in Axes
 13342 | Lair:8   | Entered Level 8 of the Lair of Beasts
 13410 | Lair:8   | Found a labyrinth entrance.
 13418 | Lab      | Entered a labyrinth
 13554 | Lab      | Noticed a minotaur
 13608 | Lab      | Killed a minotaur
 13683 | Lab      | Got a heavily runed lapis lazuli ring
 13689 | Lab      | Identified Iskenderun's Guide on Conjuration (You found it in a labyrinth)
 13691 | Lab      | Identified the ring "Torydoenn" {rPois Int-2 Dex+8} (You found it in a labyrinth)
 13702 | Lab      | Identified Ufipruthacs' Incunabulum of Entrancing Confrontation (You found it in a labyrinth)
 14014 | Lair:8   | Reached XP level 14. HP: 83/113 MP: 27/27
 14026 | Lair:8   | Reached skill level 5 in Throwing
 14750 | Lair:8   | Reached skill level 14 in Axes
 15258 | Lair:6   | Noticed Maud
 15692 | Lair:3   | Noticed a death yak
 15701 | Lair:3   | Noticed a death yak
 16081 | Orc:1    | Entered Level 1 of the Orcish Mines
 16160 | Orc:1    | Found a roughly hewn altar of Beogh.
 16533 | Orc:3    | Found a staircase to the Elven Halls.
 16584 | Orc:2    | Reached skill level 15 in Axes
 16779 | Orc:3    | Reached XP level 15. HP: 106/119 MP: 27/27
 16948 | Orc:3    | Found Sham's Armour Shop.
 16956 | Orc:3    | Bought the +6 plate armour of Modesty {MR++} for 1094 gold pieces
 17085 | Orc:4    | Entered Level 4 of the Orcish Mines
 17185 | Orc:4    | Noticed ZiggyStardust's ghost (powerful SpNe)
 17660 | Orc:4    | Found Ylediumpe's General Store.
 17660 | Orc:4    | Found Hockuucyna's Magic Scroll Emporium.
 17663 | Orc:4    | Found Nyib's Antique Weapon Shoppe.
 17665 | Orc:4    | Found Theiff's Armour Boutique.
 17671 | Orc:4    | Bought an uncursed amulet of regeneration for 390 gold pieces
 17679 | Orc:4    | Bought a scroll of identify for 28 gold pieces
 17679 | Orc:4    | Bought a scroll of enchant weapon for 105 gold pieces
 17679 | Orc:4    | Bought a scroll of blinking for 105 gold pieces
 18044 | D:13     | Found Chaghuru's Magic Scroll Shoppe.
 18071 | D:13     | Found a frozen archway.
 18087 | IceCv    | Entered an ice cave
 18087 | IceCv    | Noticed kroki's ghost (powerful DrBe)
 18109 | IceCv    | Killed kroki's ghost
 18416 | D:13     | Reached skill level 16 in Axes
 19301 | D:14     | Found a burning altar of Makhleb.
 19455 | D:14     | Found a gate to the Vaults.
 19463 | D:14     | Reached skill level 17 in Axes
 19694 | D:15     | Entered Level 15 of the Dungeon
 20466 | Lair:3   | Killed a death yak
 20474 | Lair:3   | Killed a death yak
 20481 | Lair:3   | Killed a death yak
 20481 | Lair:3   | Reached XP level 16. HP: 114/129 MP: 28/28
 20493 | Lair:3   | Killed a death yak
 20503 | Lair:3   | Killed a death yak
 20628 | Snake:1  | Entered Level 1 of the Snake Pit
 20806 | Snake:1  | Got a translucent helmet
 20822 | Snake:1  | Identified the +1 helmet "Mamedwene" {Int+4} (You found it on level 1 of the Snake Pit)
 20889 | Snake:1  | Found Kuysiqu's Jewellery Shoppe.
 20991 | Snake:1  | Noticed kroki's ghost (mighty MiAs)
 21066 | Shoals:1 | Entered Level 1 of the Shoals
 21114 | Shoals:1 | Noticed Nessos
 21128 | Shoals:1 | Killed Nessos
 22229 | Snake:4  | Identified a scroll of acquirement
 22822 | Snake:5  | Entered Level 5 of the Snake Pit
 23211 | Snake:5  | Reached XP level 17. HP: 133/138 MP: 31/31
 23360 | Snake:5  | Noticed Aizul
 23393 | Snake:5  | Killed Aizul
 23662 | Snake:5  | Reached skill level 15 in Evocations
 24220 | Snake:5  | Got a serpentine rune of Zot
 24426 | Snake:2  | Identified a +0 rod of destruction (13/13) (You found it on level 2 of the Snake Pit)
 24440 | Snake:2  | Learned a level 1 spell: Apportation
 24443 | Snake:2  | Learned a level 1 spell: Animate Skeleton
 24600 | Shoals:1 | Noticed Donald
 24661 | Shoals:1 | Killed Donald
 24905 | Shoals:2 | Found a flickering gateway to a bazaar.
 24946 | Bazaar   | Entered a bazaar
 24950 | Bazaar   | Found Saodaot's Jewellery Shop.
 24970 | Bazaar   | Found Ushivi's Antique Armour Shop.
 24992 | Bazaar   | Bought an uncursed ring of wizardry for 330 gold pieces
 24992 | Bazaar   | Bought the amulet of the Four Winds {Clar rN+ MR+++} for 466 gold pieces
 25396 | Shoals:3 | Reached XP level 18. HP: 108/147 MP: 34/34
 25429 | Shoals:3 | Reached skill level 10 in Armour
 25500 | Shoals:3 | Reached skill level 10 in Fighting
 25878 | Shoals:5 | Entered Level 5 of the Shoals
 26193 | Shoals:4 | Killed from afar by a merfolk aquamancer

Action                   |  1- 3 |  4- 6 |  7- 9 | 10-12 | 13-15 | 16-18 || total
-------------------------+-------+-------+-------+-------+-------+-------++-------
Melee: War axe           |    92 |   284 |   472 |   491 |       |       ||  1339
       Battleaxe         |       |       |       |   547 |  1392 |  1213 ||  3152
 Fire: Blowgun           |       |       |    42 |    22 |    34 |       ||    98
Throw: Throwing net      |       |       |     3 |     3 |     2 |     7 ||    15
       Javelin           |       |       |       |       |    16 |     4 ||    20
Invok: Lesser Servant of |       |       |       |     5 |     1 |       ||     6
       Greater Servant o |       |       |       |     2 |     1 |     1 ||     4
 Abil: Evoke Teleportati |       |       |       |       |     1 |       ||     1
Evoke: Wand              |       |       |       |    22 |    31 |    24 ||    77
  Use: Scroll            |       |       |     8 |    21 |    20 |    20 ||    69
       Potion            |       |       |     3 |     5 |     2 |     3 ||    13
 Stab: Held in net/web   |       |       |     4 |       |       |     2 ||     6
       Distracted        |       |       |       |     1 |       |       ||     1
       Petrified         |       |       |       |       |     1 |       ||     1
  Eat: Chunk             |     8 |    21 |    20 |    98 |   121 |    74 ||   342

Action                   |  1- 3 |  4- 6 |  7- 9 | 10-12 | 13-15 | 16-18 || total
-------------------------+-------+-------+-------+-------+-------+-------++-------
Melee: War axe           |    92 |   284 |   472 |   491 |       |       ||  1339
       Battleaxe         |       |       |       |   547 |  1392 |  1213 ||  3152
 Fire: Blowgun           |       |       |    42 |    22 |    34 |       ||    98
Throw: Throwing net      |       |       |     3 |     3 |     2 |     7 ||    15
       Javelin           |       |       |       |       |    16 |     4 ||    20
Invok: Lesser Servant of |       |       |       |     5 |     1 |       ||     6
       Greater Servant o |       |       |       |     2 |     1 |     1 ||     4
 Abil: Evoke Teleportati |       |       |       |       |     1 |       ||     1
Evoke: Wand              |       |       |       |    22 |    31 |    24 ||    77
  Use: Scroll            |       |       |     8 |    21 |    20 |    20 ||    69
       Potion            |       |       |     3 |     5 |     2 |     3 ||    13
 Stab: Held in net/web   |       |       |     4 |       |       |     2 ||     6
       Distracted        |       |       |       |     1 |       |       ||     1
       Petrified         |       |       |       |       |     1 |       ||     1
  Eat: Chunk             |     8 |    21 |    20 |    98 |   121 |    74 ||   342

Action                   |  1- 3 |  4- 6 |  7- 9 | 10-12 | 13-15 | 16-18 || total
-------------------------+-------+-------+-------+-------+-------+-------++-------
Melee: War axe           |    92 |   284 |   472 |   491 |       |       ||  1339
       Battleaxe         |       |       |       |   547 |  1392 |  1213 ||  3152
 Fire: Blowgun           |       |       |    42 |    22 |    34 |       ||    98
Throw: Throwing net      |       |       |     3 |     3 |     2 |     7 ||    15
       Javelin           |       |       |       |       |    16 |     4 ||    20
Invok: Lesser Servant of |       |       |       |     5 |     1 |       ||     6
       Greater Servant o |       |       |       |     2 |     1 |     1 ||     4
 Abil: Evoke Teleportati |       |       |       |       |     1 |       ||     1
Evoke: Wand              |       |       |       |    22 |    31 |    24 ||    77
  Use: Scroll            |       |       |     8 |    21 |    20 |    20 ||    69
       Potion            |       |       |     3 |     5 |     2 |     3 ||    13
 Stab: Held in net/web   |       |       |     4 |       |       |     2 ||     6
       Distracted        |       |       |       |     1 |       |       ||     1
       Petrified         |       |       |       |       |     1 |       ||     1
  Eat: Chunk             |     8 |    21 |    20 |    98 |   121 |    74 ||   342
